 Dungeon Crawl Stone Soup version 0.27.1-16-g815e20cd7a (webtiles) character file.

Game seed: 1031881394069382767

1399 Cykl0x the Skirmisher (level 8, -8/50 HPs)
             Began as a Gargoyle Fighter on Nov 23, 2021.
             Mangled by an ogre (28 damage)
             ... on level 6 of the Dungeon.
             The game lasted 00:12:40 (7558 turns).

Cykl0x the Skirmisher (Gargoyle Fighter)            Turns: 7558, Time: 00:12:40

Health: -8/50      AC: 18    Str: 23    XL:     8   Next: 69%
Magic:  8/8        EV:  7    Int:  8    God:
Gold:   215        SH: 11    Dex: 15    Spells: 7/7 levels left

rFire    . . .     SeeInvis .   a - +2 long sword (vorpal)
rCold    + . .     Faith    .   c - +1 kite shield
rNeg     + . .     Spirit   .   p - +2 chain mail {rC+}
rPois    ∞         Reflect  .   (no helmet)
rElec    +         Harm     .   s - +0 cloak
rCorr    +         Rampage  .   (no gloves)
Will     .....                  (no boots)
Stlth    ..........             (no amulet)
HPRegen  0.16/turn              e - ring of resist corrosion
MPRegen  0.11/turn              g - +6 ring of dexterity

@: no status effects
A: sickness immunity, AC +5, negative energy resistance 1, electricity
resistance, torment resistance 1, petrification resistance
a: no special abilities


You were on level 6 of the Dungeon.
You visited 1 branch of the dungeon, and saw 8 of its levels.

You collected 215 gold pieces.

Inventory:

Hand Weapons
 a - a +2 vorpal long sword (weapon)
 t - a +1 short sword of speed
Missiles
 f - 17 poisoned darts
 o - 135 stones (quivered)
Armour
 b - a +0 scale mail
 c - a +1 kite shield (worn)
 p - a +2 chain mail of cold resistance (worn)
 s - a +0 cloak (worn)
Jewellery
 e - a ring of resist corrosion (left hand)
 g - a +6 ring of dexterity (right hand)
 q - an amulet of the acrobat
Wands
 k - a wand of polymorph (10)
 m - a wand of acid (5)
Scrolls
 v - a scroll of teleportation
Potions
 d - a potion of might
 h - 3 potions of heal wounds
 i - a potion of degeneration
 j - 3 potions of curing
 l - 2 potions of brilliance
 n - a potion of flight
 r - a potion of invisibility {unknown}


   Skills:
 * Level 5.6 Fighting
 + Level 4.8 Long Blades
 * Level 3.3 Throwing
 + Level 5.5 Armour
 * Level 3.1 Dodging
 + Level 5.3 Shields
 + Level 0.5 Evocations


You had 7 spell levels left.
You didn't know any spells.
Your spell library contained the following spells:

 Spells                   Type           Power      Damage    Failure   Level
 Slow                     Hex            0%         N/A       100%        2
 Confusing Touch          Hex            0%         N/A       100%        3
 Conjure Flame            Conj/Fire      0%         6-21      100%        3
 Ignite Poison            Fire/Tmut/Pois 0%         N/A       100%        3
 Sticky Flame             Conj/Fire      0%         2d3       100%        4
 Yara's Violent Unravell  Hex/Tmut       0%         3d3       100%        5


Dungeon Overview and Level Annotations

Branches:
Dungeon (8/15)
 Temple: D:4-7         Lair: D:8-11

Altars:
Gozag
Kikubaaqudgha
Sif Muna
Trog
Uskayaw
Xom
Yredelemnul

Annotations:
D:7 2 runed translucent doors


Innate Abilities, Weirdness & Mutations

You are immune to sickness and miasma.
Your stone body is resilient. (AC +5)
You are immune to poison.
You resist negative energy. (rN+)
You are resistant to electric shocks. (rElec)
You are resistant to unholy torment.
You are immune to petrification.


Message History

You open the door.
There is an open door here.
There is an open door here.
There is an open door here.
There is a stone staircase leading down here.
You climb downwards.
Level annotation: 2 runed translucent doors You block the moth of wrath's attack.
There is a stone staircase leading up here.
You block the moth of wrath's attack.
The moth of wrath bites you but does no damage.
You block the ogre's attack.
You climb upwards.
There is a stone staircase leading down here.
You slash the moth of wrath!
The moth of wrath is moderately wounded.
The moth of wrath goads the ogre on!
The ogre goes berserk!
The ogre hits you but does no damage.
You slash the moth of wrath!
The moth of wrath is heavily wounded.
The moth of wrath bites you! The ogre barely misses you.
You riposte.
You slash the ogre!
The ogre is moderately wounded.
The moth of wrath bites you but does no damage.
Your shield prevents you from hitting the moth of wrath.
The moth of wrath is heavily wounded.
You block the ogre's attack. You block the moth of wrath's attack.
The ogre barely misses you.
You riposte.
You hit the ogre.
The ogre is moderately wounded.
The moth of wrath bites you!
You closely miss the moth of wrath.
The moth of wrath is heavily wounded.
The ogre barely misses you.
You riposte.
You closely miss the ogre.
The ogre is moderately wounded.
You block the moth of wrath's attack. As you open the door, it creaks loudly!
You block the ogre's attack. You block the moth of wrath's attack.
The ogre hits you with a +0 giant club!!
Ouch! That really hurt!
You die...

..#...#............#........#
..'...'............#........#
..#...##...##...####.############
..#...##...##...####.#####.......
..#....#.................#.......
..#....+.................#.......
..########'###..###..###'#.......
.##.######.###.y###..##..###....#
.#...........#..@'....#....#....#
.#...........#[O.#....#....#....#
.#...........#...#..<.#....'....#
.##'#######.###..##.###....#....#
..........#.###..##.########.....
..........#................#.....
..........+..............<.#.....
..........#................#.....
..........#................#.....


You could see a moth of wrath and an ogre (berserk).

Vanquished Creatures
  2 ice beasts
  A centaur (D:5)
  An ogre (D:6)
  A phantom (D:5)
  A bullfrog (D:6)
  3 scorpions (D:6)
  A gnoll sergeant (D:6)
  A water moccasin skeleton (D:5)
  2 howler monkeys
  A bullfrog skeleton (D:5)
  A centaur skeleton (D:5)
  A hound (D:6)
  A jelly (D:4)
  3 iguanas
  5 orc wizards
  A hound skeleton (D:4)
  A howler monkey skeleton (D:6)
  7 gnolls
  6 adders
  A shadow imp (D:6)
  A white imp (D:6)
  3 worms (D:4)
  A dart slug (D:1)
  12 orcs
  5 bats
  A bat zombie (D:3)
  6 endoplasms
  A giant cockroach (D:4)
  7 goblins
  9 hobgoblins
  4 jackals
  3 kobolds
  3 quokkas
  5 ball pythons
  2 frilled lizards
  7 rats
  A rat zombie (D:3)
112 creatures vanquished.

Vanquished Creatures (others)
  8 plants (D:3)
  5 toadstools (D:1)
13 creatures vanquished.

Grand Total: 125 creatures vanquished

Notes
Turn   | Place    | Note
-------+----------+-------------------------------------------
     0 | D:1      | Cykl0x the Gargoyle Fighter began the quest for the Orb.
     0 | D:1      | Reached XP level 1. HP: 14/14 MP: 1/1
   355 | D:1      | Reached XP level 2. HP: 19/19 MP: 2/2
  1363 | D:2      | Reached XP level 3. HP: 20/24 MP: 3/3
  1462 | D:2      | Found a faded altar of an unknown god.
  1695 | D:2      | Reached XP level 4. HP: 8/29 MP: 4/4
  2017 | D:2      | Reached skill level 1 in Dodging
  2190 | D:2      | Found a basalt altar of Yredelemnul.
  2631 | D:3      | Reached skill level 1 in Throwing
  2646 | D:3      | Reached XP level 5. HP: 33/33 MP: 5/5
  2839 | D:3      | You fall into a shaft and drop 2 floors!
  2839 | D:5      | Entered Level 5 of the Dungeon
  3061 | D:4      | Noticed Ijyb
  3063 | D:4      | Noticed Ijyb
  3063 | D:4      | Ijyb changed into Ijyb the jelly
  3067 | D:4      | Killed Ijyb the jelly
  3068 | D:4      | Reached XP level 6. HP: 37/38 MP: 6/6
  3259 | D:4      | Found a shimmering altar of Xom.
  3342 | D:4      | Found an opulent altar of Gozag.
  3408 | D:4      | You fall into a shaft and drop 3 floors!
  3419 | D:7      | Noticed a yak
  3421 | D:7      | Noticed a yak
  3422 | D:7      | Noticed a yak
  3457 | D:7      | Found a large runed translucent door.
  3458 | D:7      | Found a large runed translucent door.
  3473 | D:7      | Noticed a manticore
  3713 | D:6      | Reached XP level 7. HP: 32/44 MP: 7/7
  4411 | D:5      | Reached skill level 5 in Fighting
  4411 | D:5      | Reached skill level 5 in Armour
  4411 | D:5      | Reached XP level 8. HP: 15/49 MP: 8/8
  4919 | D:4      | Found a hide-covered altar of Uskayaw.
  5710 | D:3      | Found an ancient bone altar of Kikubaaqudgha.
  6270 | D:5      | Noticed Sigmund
  6272 | D:5      | Noticed Sigmund
  6272 | D:5      | Sigmund changed into Sigmund the hound
  6273 | D:5      | Noticed Sigmund
  6273 | D:5      | Sigmund the hound changed into Sigmund the worm
  6274 | D:5      | Noticed Sigmund
  6274 | D:5      | Sigmund the worm changed into Sigmund the scorpion
  6275 | D:5      | Noticed Sigmund
  6275 | D:5      | Sigmund the scorpion changed into Sigmund the centaur
  6279 | D:5      | Killed Sigmund the centaur
  6280 | D:5      | Reached skill level 5 in Shields
  6305 | D:5      | Identified the +6 short sword of Bodily Harmony {vorpal,
                  | Int+9 Dex+2}
  6549 | D:6      | You fall into a shaft and drop 2 floors!
  6570 | D:8      | Found a shimmering blue altar of Sif Muna.
  6582 | D:7      | Noticed a moth of wrath
  6582 | D:7      | a manticore changed into a moth of wrath
  7044 | D:6      | Found a bloodstained altar of Trog.
  7558 | D:6      | Mangled by an ogre

Illustrated notes

Levels and vault maps discovered:
D:1:      ldierk_walled_garden, layout_basic
D:2:      layout_basic, shapermc_ecumenical_altar_pompeii, basic_altar,
          minmay_crystal_room, serial_bayou_pond_e, kennysheep_generic_room_13
D:3:      wad_lake_hut, layout_loops_ring, lemuel_zombie_altar_kikubaaqudgha
D:4:      layout_cave_pools, tgw_xom, nicolae_uskayaw_suspiria,
          mainiacjoe_overflow_brackets, cheibrodos_sewer_entry_bend, uniq_ijyb
D:5:      layout_basic, minmay_a_box_with_orc_wizards_in_it, uniq_sigmund
D:6:      layout_gridville, lightli_temple_of_fire
D:7:      layout_cave_pools, jmf_multi_god_temple2, temple_doors_ab,
          hellmonk_bongcloud_opening, lightli_minifort
D:8:      layout_loops_ring, lemuel_crystal_altar,
          chequers_temple_overflow_minitemple, lair_entry_dummy,
          kennysheep_generic_room_12

Skill      XL: |  1  2  3  4  5  6  7  8 |
---------------+-------------------------+-----
Long Blades    | 2 3 4 |  4.8
Dodging        | 1 2 3 |  3.1
Fighting       | 4 5 |  5.6
Throwing       | 1 2 3 |  3.3
Armour         | 4 5 |  5.5
Shields        | 4 5 |  5.3
Evocations     | |  0.5

Action                   |  1- 3 |  4- 6 |  7- 9 || total
-------------------------+-------+-------+-------++-------
Melee: Long sword        |    83 |    92 |   185 ||   360
Throw: Stone             |     3 |    43 |    45 ||    91
Evoke: Wand              |       |     1 |     7 ||     8
  Use: Scroll            |       |    11 |     5 ||    16
       Potion            |       |     1 |     2 ||     3
Armor: Scale mail        |    42 |    43 |    14 ||    99
       Chain mail        |       |       |   100 ||   100
Dodge: Dodged            |    22 |    27 |    47 ||    96
Block: Kite shield       |    43 |    65 |   131 ||   239
       Rpst.: Long sword |     6 |    14 |    16 ||    36
